SAAA
PORT HURON BLITZKRIEG @ NORFOLK PAJARITOS
07/09/2048
 
TOP OF THE 1ST
Port Huron Blitzkrieg batting - Pitching for Norfolk Pajaritos : RHP Gene Greene
Pitching: RHP Gene Greene
Batting: SHB Ron Buchanan 0-0: Foul Ball, location: 2F
0-1: Swinging Strike
0-2: SINGLE (Groundball, 4M, EV 102.5 MPH) (infield hit)
Batting: SHB Mike Sherman 0-0: Ball
1-0: Called Strike
Ron Buchanan steals 2nd base
1-1: Ball
2-1: Called Strike
2-2: Foul Ball, location: 2F
2-2: Ball
3-2: Strikes out swinging
Batting: LHB Octávio Cruz 0-0: Called Strike
0-1: Called Strike
Ron Buchanan steals 3rd base
0-2: Ball
1-2: Foul Ball, location: 2F
1-2: Fly out, F9 (Flyball, 89D, EV 94.4 MPH)
Runner from 3rd tags up, SCORES, throw by RF
Batting: SHB Tom Gray 0-0: Swinging Strike
0-1: Swinging Strike
0-2: Ball
1-2: Ball
2-2: Strikes out looking
Top of the 1st over - 1 run, 1 hit, 0 errors, 0 left on base; Port Huron 1 - Norfolk 0
BOTTOM OF THE 1ST
Norfolk Pajaritos batting - Pitching for Port Huron Blitzkrieg : RHP Jimmy Wilson
Pitching: RHP Jimmy Wilson
Batting: LHB Alfred Espinosa 0-0: Ball
1-0: Ball
2-0: Called Strike
2-1: Called Strike
2-2: Ball
3-2: Base on Balls
Batting: LHB Ken Jackson 0-0: Foul Ball, location: 2F
0-1: Foul Ball, location: 2F
0-2: Strikes out swinging
Batting: LHB Norbert King 0-0: Ball
1-0: Ball
2-0: Ball
3-0: Called Strike
3-1: Base on Balls
Alfred Espinosa to second
Batting: LHB Jai-guo Sun 0-0: Ball
1-0: Swinging Strike
1-1: DOUBLE (Groundball, 3L, EV 103.1 MPH)
Alfred Espinosa scores
Norbert King to third
Batting: LHB Paul Green 0-0: Fly out, F9 (Flyball, 9S, EV 94.4 MPH)
Batting: RHB Ernest Lesley 0-0: Ball
1-0: Ball
2-0: Called Strike
2-1: Ground out 6-3 (Groundball, 6, EV 81.2 MPH)
Bottom of the 1st over - 1 run, 1 hit, 0 errors, 2 left on base; Port Huron 1 - Norfolk 1
TOP OF THE 2ND
Port Huron Blitzkrieg batting - Pitching for Norfolk Pajaritos : RHP Gene Greene
Batting: RHB Emmett Amavizca 0-0: Ball
1-0: Ball
2-0: Foul Ball, location: 2F
2-1: Ball
3-1: Base on Balls
Batting: SHB Manuel Ortíz 0-0: Called Strike
Emmett Amavizca steals 2nd base
0-1: Ball
1-1: Ground out 6-3 (Groundball, 6, EV 85.0 MPH)
Emmett Amavizca to third
Batting: LHB Ruhinda Kirkconnell 0-0: Called Strike
0-1: Ball
1-1: Ball
2-1: Ground out U3 (Groundball, 3, EV 85.6 MPH)
Batting: SHB Ralph Titus 0-0: SINGLE (Groundball, 4MS, EV 69.4 MPH) (infield hit)
Emmett Amavizca scores
Batting: RHB Samual Kingman 0-0: Called Strike
0-1: Ball
Ralph Titus steals 2nd base
1-1: Fly out, F9 (Line Drive, 9D, EV 93.1 MPH)
Top of the 2nd over - 1 run, 1 hit, 0 errors, 1 left on base; Port Huron 2 - Norfolk 1
BOTTOM OF THE 2ND
Norfolk Pajaritos batting - Pitching for Port Huron Blitzkrieg : RHP Jimmy Wilson
Batting: SHB Mark Thomas 0-0: Foul Ball, location: 2F
0-1: Ball
1-1: SINGLE (Groundball, 34D, EV 105.6 MPH)
Batting: RHB Donald White 0-0: Called Strike
Mark Thomas steals 2nd base
0-1: Ball
1-1: Ground out 5-3 (Groundball, 56, EV 109.4 MPH)
Batting: RHB Júlio Chacón 0-0: Ball
1-0: Called Strike
1-1: Swinging Strike
1-2: Foul Ball, location: 2F
1-2: Ball
2-2: Ball
3-2: Foul Ball, location: 2F
3-2: Foul Ball, location: 2F
3-2: Foul Ball, location: 2F
3-2: Foul Ball, location: 2F
3-2: Base on Balls
Batting: LHB Alfred Espinosa 0-0: Called Strike
0-1: Grounds into double play, 3-6-3 (Groundball, 3, EV 91.9 MPH)
Bottom of the 2nd over - 0 runs, 1 hit, 0 errors, 1 left on base; Port Huron 2 - Norfolk 1
TOP OF THE 3RD
Port Huron Blitzkrieg batting - Pitching for Norfolk Pajaritos : RHP Gene Greene
Batting: SHB Ron Buchanan 0-0: Called Strike
0-1: Ball
1-1: Ball
2-1: Ball
3-1: Ground out 5-3 (Groundball, 5, EV 100.6 MPH)
Batting: SHB Mike Sherman 0-0: Fly out, F9 (Line Drive, 9LM, EV 108.1 MPH)
Batting: LHB Octávio Cruz 0-0: Ball
1-0: Ball
2-0: Called Strike
2-1: Foul Ball, location: 2F
2-2: Strikes out swinging
Top of the 3rd over - 0 runs, 0 hits, 0 errors, 0 left on base; Port Huron 2 - Norfolk 1
BOTTOM OF THE 3RD
Norfolk Pajaritos batting - Pitching for Port Huron Blitzkrieg : RHP Jimmy Wilson
Batting: LHB Ken Jackson 0-0: Ball
1-0: Ground out 6-3 (Groundball, 4M, EV 96.2 MPH)
Batting: LHB Norbert King 0-0: Ground out 4-3 (Groundball, 4, EV 98.8 MPH)
Batting: LHB Jai-guo Sun 0-0: Called Strike
0-1: Ball
1-1: Foul Ball, location: 2F
1-2: Ball
2-2: Strikes out swinging
Bottom of the 3rd over - 0 runs, 0 hits, 0 errors, 0 left on base; Port Huron 2 - Norfolk 1
TOP OF THE 4TH
Port Huron Blitzkrieg batting - Pitching for Norfolk Pajaritos : RHP Gene Greene
Batting: SHB Tom Gray 0-0: Called Strike
0-1: Ground out 6-3 (Groundball, 6D, EV 100.6 MPH)
Batting: RHB Emmett Amavizca 0-0: Ball
1-0: Foul Ball, location: 2F
1-1: Foul Ball, location: 2F
1-2: Ball
2-2: SINGLE (Groundball, 25, EV 69.4 MPH) (infield hit)
Batting: SHB Manuel Ortíz 0-0: Ball
1-0: Swinging Strike
1-1: Called Strike
1-2: Ball
2-2: Foul Ball, location: 2F
2-2: DOUBLE (Flyball, 89XD, EV 109.4 MPH)
Emmett Amavizca to third
Batting: LHB Ruhinda Kirkconnell 0-0: Ball
1-0: Ground out 6-3 (Groundball, 6S, EV 91.2 MPH)
Emmett Amavizca scores
Batting: SHB Ralph Titus 0-0: Ball
1-0: Ball
Wild Pitch!
Manuel Ortíz to third
2-0: Ball
3-0: Called Strike
3-1: Called Strike
3-2: Foul Ball, location: 2F
3-2: Foul Ball, location: 2F
3-2: Foul Ball, location: 2F
3-2: Foul Ball, location: 2F
3-2: Single, Error in OF, E7, batter to second base (Line Drive, 6D, EV 108.1 MPH)
Manuel Ortíz scores
Batting: RHB Samual Kingman 0-0: Ball
1-0: Fly out, F3 (Popup, 34, EV 58.8 MPH)
Top of the 4th over - 2 runs, 3 hits, 1 error, 1 left on base; Port Huron 4 - Norfolk 1
BOTTOM OF THE 4TH
Norfolk Pajaritos batting - Pitching for Port Huron Blitzkrieg : RHP Jimmy Wilson
Batting: LHB Paul Green 0-0: Ball
1-0: Foul Ball, location: 2F
1-1: Ball
2-1: Foul Ball, location: 2F
2-2: Strikes out looking
Batting: RHB Ernest Lesley 0-0: Ball
1-0: Ball
2-0: Called Strike
2-1: DOUBLE (Line Drive, 89D, EV 99.4 MPH)
Batting: SHB Mark Thomas 0-0: Called Strike
0-1: Fly out, F9 (Line Drive, 9, EV 95.6 MPH)
Batting: RHB Donald White 0-0: DOUBLE (Line Drive, 78D, EV 114.4 MPH)
Ernest Lesley scores
Batting: RHB Júlio Chacón 0-0: Foul Ball, location: 2F
0-1: Ball
1-1: Foul Ball, location: 2F
1-2: Ball
2-2: Ball
3-2: Ground out 6-3 (Groundball, 6, EV 80.0 MPH)
Bottom of the 4th over - 1 run, 2 hits, 0 errors, 1 left on base; Port Huron 4 - Norfolk 2
TOP OF THE 5TH
Port Huron Blitzkrieg batting - Pitching for Norfolk Pajaritos : RHP Gene Greene
Batting: SHB Ron Buchanan 0-0: Ball
1-0: Called Strike
1-1: Called Strike
1-2: Ball
2-2: Ball
3-2: Foul Ball, location: 2F
3-2: Ground out 1-3 (Groundball, P, EV 70.0 MPH)
Batting: SHB Mike Sherman 0-0: Ground out 6-3 (Groundball, 6, EV 90.0 MPH)
Batting: LHB Octávio Cruz 0-0: Ball
1-0: SINGLE (Line Drive, 3D, EV 95.0 MPH)
Batting: SHB Tom Gray 0-0: Ball
Octávio Cruz steals 2nd base
1-0: 2-RUN HOME RUN (Flyball, 9D, EV 96.9 MPH), Distance : 352 ft
Pitching: RHP Sidd Finch
Batting: RHB Emmett Amavizca 0-0: Ball
1-0: Ball
2-0: Fly out, F8 (Flyball, 8RD, EV 89.4 MPH)
Top of the 5th over - 2 runs, 2 hits, 0 errors, 0 left on base; Port Huron 6 - Norfolk 2
BOTTOM OF THE 5TH
Norfolk Pajaritos batting - Pitching for Port Huron Blitzkrieg : RHP Jimmy Wilson
Batting: LHB Alfred Espinosa 0-0: Ball
1-0: Swinging Strike
1-1: Ball
2-1: Ball
3-1: SOLO HOME RUN (Flyball, 7D, EV 98.1 MPH), Distance : 375 ft
Batting: LHB Ken Jackson 0-0: Ball
1-0: Called Strike
1-1: SINGLE (Groundball, 56D, EV 106.9 MPH)
Batting: LHB Norbert King 0-0: Ball
1-0: Called Strike
Ken Jackson steals 2nd base
1-1: Swinging Strike
1-2: Ball
2-2: Foul Ball, location: 2F
Balk!
Ken Jackson to third
2-2: Foul Ball, location: 2F
2-2: Foul Ball, location: 2F
2-2: Ball
3-2: Base on Balls
Batting: LHB Jai-guo Sun 0-0: Ball
1-0: Called Strike
1-1: Ball
2-1: Foul Ball, location: 2F
2-2: Ball
3-2: Foul Ball, location: 2F
3-2: DOUBLE (Groundball, 3L, EV 95.6 MPH)
Ken Jackson scores
Norbert King to third
Norbert King scores
Pitching: RHP Todd Montgomery
Batting: LHB Paul Green 0-0: Foul Ball, location: 2F
0-1: Fly out, F8 (Flyball, 89M, EV 97.5 MPH)
Batting: RHB Ernest Lesley 0-0: Ball
1-0: Ball
2-0: Foul Ball, location: 2F
2-1: Swinging Strike
2-2: Foul Ball, location: 2F
2-2: Foul Ball, location: 2F
2-2: Ground out 4-3 (Groundball, 34, EV 100.0 MPH)
Jai-guo Sun to third
Batting: SHB Mark Thomas 0-0: Ball
1-0: Ball
2-0: Foul Ball, location: 2F
2-1: Ball
3-1: Base on Balls
Batting: RHB Donald White 0-0: Called Strike
0-1: 3-RUN HOME RUN (Flyball, 89XD, EV 106.2 MPH), Distance : 387 ft
Batting: RHB Júlio Chacón 0-0: SINGLE (Line Drive, 9LS, EV 88.8 MPH)
Batting: LHB Alfred Espinosa 0-0: Foul Ball, location: 2F
0-1: Ball
1-1: Ball
2-1: Foul Ball, location: 2F
2-2: Foul Ball, location: 2F
2-2: Ground out U3 (Groundball, 34S, EV 87.5 MPH)
Bottom of the 5th over - 6 runs, 5 hits, 0 errors, 1 left on base; Port Huron 6 - Norfolk 8
TOP OF THE 6TH
Port Huron Blitzkrieg batting - Pitching for Norfolk Pajaritos : RHP Sidd Finch
Batting: SHB Manuel Ortíz 0-0: Called Strike
0-1: Ground out 6-3 (Groundball, P, EV 83.8 MPH)
Batting: LHB Ruhinda Kirkconnell 0-0: Ball
1-0: Ground out 4-3 (Groundball, 34, EV 85.6 MPH)
Batting: SHB Ralph Titus 0-0: Ball
1-0: Foul Ball, location: 2F
1-1: Ball
2-1: Fly out, F3 (Popup, 3SF, EV 65.0 MPH)
Top of the 6th over - 0 runs, 0 hits, 0 errors, 0 left on base; Port Huron 6 - Norfolk 8
BOTTOM OF THE 6TH
Norfolk Pajaritos batting - Pitching for Port Huron Blitzkrieg : RHP Todd Montgomery
Batting: LHB Ken Jackson 0-0: Ball
1-0: Ball
2-0: Ball
3-0: Base on Balls
Batting: LHB Norbert King 0-0: Fielders Choice at 2nd, 3-6 (Groundball, 3, EV 106.2 MPH)
Batting: LHB Jai-guo Sun 0-0: Ball
1-0: Called Strike
1-1: Foul Ball, location: 2F
1-2: Foul Ball, location: 2F
1-2: Foul Ball, location: 2F
1-2: Foul Ball, location: 2F
1-2: Hit by Pitch
Norbert King to second
Batting: LHB Paul Green 0-0: Ball
1-0: Foul Ball, location: 2F
1-1: Foul Ball, location: 2F
1-2: Ball
2-2: Foul Ball, location: 2F
2-2: SINGLE (Flyball, 4D, EV 93.1 MPH)
Norbert King to third
Jai-guo Sun to second
Batting: RHB Ernest Lesley 0-0: Fly out, F8 (Flyball, 8LXD, EV 91.9 MPH)
Runner from 3rd tags up, SCORES, no throw by CF
Batting: SHB Mark Thomas 0-0: Foul Ball, location: 2F
0-1: Ground out 1-3 (Groundball, 34S, EV 68.1 MPH)
Bottom of the 6th over - 1 run, 1 hit, 0 errors, 2 left on base; Port Huron 6 - Norfolk 9
TOP OF THE 7TH
Port Huron Blitzkrieg batting - Pitching for Norfolk Pajaritos : RHP Sidd Finch
Pitching: RHP Li-chi Lou
Batting: RHB Samual Kingman 0-0: Fly out, F9 (Line Drive, 9, EV 95.0 MPH)
Batting: SHB Ron Buchanan 0-0: Called Strike
0-1: Ball
1-1: Fly out, F8 (Flyball, 8RD, EV 101.2 MPH)
Batting: SHB Mike Sherman 0-0: Called Strike
0-1: Fly out, F6 (Popup, 5D, EV 51.9 MPH)
Top of the 7th over - 0 runs, 0 hits, 0 errors, 0 left on base; Port Huron 6 - Norfolk 9
BOTTOM OF THE 7TH
Norfolk Pajaritos batting - Pitching for Port Huron Blitzkrieg : RHP Todd Montgomery
Pitching: LHP Manny Negrete
Batting: RHB Donald White 0-0: Ball
1-0: Foul Ball, location: 2F
1-1: Ball
2-1: SINGLE (Groundball, 56D, EV 99.4 MPH) (infield hit)
Batting: RHB Júlio Chacón 0-0: Bunted foul
0-1: Sac Bunt to 3S - play at first, batter OUT! 3-4
Donald White to second
Batting: LHB Alfred Espinosa 0-0: Foul Ball, location: 2F
0-1: SINGLE (Line Drive, 34, EV 100.0 MPH)
Donald White to third
Runner from 3rd tries for Home, throw by RF and OUT! 9-2
Batting: LHB Ken Jackson 0-0: Ball
1-0: Ground out 4-3 (Groundball, 4, EV 81.2 MPH)
Bottom of the 7th over - 0 runs, 2 hits, 0 errors, 1 left on base; Port Huron 6 - Norfolk 9
TOP OF THE 8TH
Port Huron Blitzkrieg batting - Pitching for Norfolk Pajaritos : RHP Li-chi Lou
Batting: LHB Octávio Cruz 0-0: Called Strike
0-1: Ball
1-1: Foul Ball, location: 2F
1-2: Strikes out looking
Batting: SHB Tom Gray 0-0: Called Strike
0-1: Called Strike
0-2: Strikes out swinging
Batting: RHB Emmett Amavizca 0-0: Foul Ball, location: 2F
0-1: Ball
1-1: Foul Ball, location: 2F
1-2: Strikes out swinging
Top of the 8th over - 0 runs, 0 hits, 0 errors, 0 left on base; Port Huron 6 - Norfolk 9
BOTTOM OF THE 8TH
Norfolk Pajaritos batting - Pitching for Port Huron Blitzkrieg : LHP Manny Negrete
Batting: LHB Norbert King 0-0: Ball
1-0: Reached on error, E6 (Flyball, 5D, EV 83.1 MPH)
Batting: LHB Jai-guo Sun 0-0: Called Strike
0-1: Ball
1-1: Ball
2-1: Ground out 5-3 (Groundball, 56S, EV 71.9 MPH)
Norbert King to second
Batting: LHB Paul Green 0-0: Ground out 4-3 (Groundball, 4D, EV 103.8 MPH)
Norbert King to third
Batting: RHB Ernest Lesley 0-0: SINGLE (Flyball, 89S, EV 93.1 MPH)
Norbert King scores
Batting: SHB Mark Thomas 0-0: Ball
1-0: Ball
2-0: Ball
3-0: Base on Balls
Ernest Lesley to second
Batting: RHB Donald White 0-0: Ball
1-0: Ball
2-0: Fly out, F4 (Popup, 4S, EV 70.6 MPH)
Bottom of the 8th over - 1 run, 1 hit, 1 error, 2 left on base; Port Huron 6 - Norfolk 10
TOP OF THE 9TH
Port Huron Blitzkrieg batting - Pitching for Norfolk Pajaritos : RHP Li-chi Lou
Batting: SHB Manuel Ortíz 0-0: Ball
1-0: Called Strike
1-1: Foul Ball, location: 2F
1-2: Ball
2-2: Foul Ball, location: 2F
2-2: Ball
3-2: Base on Balls
Batting: LHB Ruhinda Kirkconnell 0-0: Ball
1-0: Called Strike
1-1: Ball
2-1: Foul Ball, location: 2F
2-2: Foul Ball, location: 2F
2-2: Grounds into double play, 4-6-3 (Groundball, 34D, EV 83.8 MPH)
Batting: SHB Ralph Titus 0-0: Ball
1-0: Ball
2-0: Fly out, F8 (Flyball, 8RXD, EV 105.0 MPH)
Top of the 9th over - 0 runs, 0 hits, 0 errors, 0 left on base; Port Huron 6 - Norfolk 10
Monday, October 31st , 2022 - OOTP Baseball 22.12 Build 89